Map: Abyssal Reef LE

Players

Marre - Winner!

  • Race: Zerg Zerg
  • League: Diamond
  • Spawn Location: 11:00

VOD

Have the link to the VOD?

Description

This is my attempt at maxing out.

Time

  • Played on: May 12, 2017, 9:13 a.m.
  • Length: 7:33
Show
View Real Time Build Order
Export as new Build Order

Marre Zerg - Winner!

Build Orders: Hatch First 

Get SALT Encoding   

  12  0:03  Drone  
  12  0:09  Drone  
  12  0:18  Overlord  
  12  0:23  Extractor  
  12  0:24  Drone  
  12  0:37  Drone x2  
  12  0:55  Drone  
  12  0:56  Hatchery  
  12  1:01  Drone  
  12  1:20  Hatchery  
  12  1:26  Drone x2  
  12  1:30  Drone  
  12  1:42  Drone  
  12  1:50  Overlord  
  12  2:01  Drone  
  12  2:11  Drone  
  12  2:13  Drone  
  12  2:19  Drone  
  12  2:29  Drone  
  12  2:32  Drone  
  12  2:33  Hatchery  
  12  2:34  Hatchery  
  12  2:37  Drone x2  
  12  2:42  Drone  
  12  2:44  Drone x2  
  12  2:53  Spawning Pool  
  12  3:03  Drone x4  
  12  3:16  Hatchery  
  12  3:18  Drone  
  12  3:19  Drone  
  12  3:24  Drone x3  
  12  3:27  Drone x2  
  12  3:29  Drone  
  12  3:34  Overlord  
  12  3:39  Drone x2  
  12  3:48  Drone x5  
  12  3:55  Drone  
  12  4:02  Drone x4  
  12  4:09  Drone  
  12  4:10  Drone  
  12  4:11  Drone  
  12  4:12  Drone  
  12  4:14  Hatchery x2  
  12  4:16  Drone x2  
  12  4:26  Drone x4, Queen  
  12  4:27  Queen  
  12  4:30  Overlord  
  12  4:31  Drone x3  
  12  4:32  Drone  
  12  4:38  Overlord x3  
  12  4:49  Drone x6  
  12  4:52  Queen  
  12  4:54  Overlord  
  12  4:56  Queen x2, Overlord  
  12  5:04  Drone  
  12  5:05  Drone x7  
  12  5:10  Drone  
  12  5:15  Queen  
  12  5:17  Drone x2  
  12  5:18  Drone x3  
  12  5:26  Drone x7  
  12  5:36  Drone x5  
  12  5:37  Drone x3  
  12  5:38  Drone x4  
  12  5:42  Hatchery  
  12  5:46  Drone x7  
  12  5:51  Overlord x4  
  12  5:55  Queen  
  12  6:06  Drone x5  
  12  6:15  Drone x11  
  12  6:16  Drone  
  12  6:17  Queen x5  
  12  6:18  Queen x2  
  12  6:19  Overlord x3  
  12  6:20  Overlord x4  
  12  6:23  Drone x6  
  12  6:50  Drone x17  
  12  6:51  Drone x4  
  12  6:52  Queen x2  
  12  6:53  Queen x6  
  12  6:54  Queen  
  12  7:02  Drone  
Tags
 
Add a new tag
Caveats
  • Supply blocks, unpowered buildings, or Contaminate may cause inaccurate times.
  • Supply counts are checked every 10 seconds.